 Dungeon Crawl Stone Soup version 0.30-a0-279-g4b46babb21 (webtiles) character file.

Game seed: 13137574017840760842

14 plokij the Shooter (level 2, -1/25 HPs)
             Began as a Minotaur Hunter on Oct 16, 2022.
             Slain by an adder (3 damage)
             ... on level 2 of the Dungeon.
             The game lasted 00:04:41 (1290 turns).

plokij the Shooter (Minotaur Hunter)                Turns: 1290, Time: 00:04:41

Health: -1/25      AC:  5    Str: 15    XL:     2   Next: 27%
Magic:  1/1        EV: 11    Int:  6    God:
Gold:   76         SH:  0    Dex: 13    Spells: 1/1 levels left

rFire   . . .      SeeInvis .    a - +0 shortbow
rCold   . . .      Faith    .    (shield currently unavailable)
rNeg    . . .      Spirit   .    d - +0 ring mail
rPois   .          Reflect  .    (helmet restricted)
rElec   .          Harm     .    (no cloak)
rCorr   .          Rampage  .    (no gloves)
Will    .....                    (no boots)
Stlth   +.........               (no amulet)
HPRegen 0.24/turn                (no ring)
MPRegen 0.07/turn                (no ring)

@: no status effects
A: horns 2, retaliatory headbutt
a: no special abilities


You were on level 2 of the Dungeon.
You visited 1 branch of the dungeon, and saw 2 of its levels.

You collected 76 gold pieces.

Inventory:

Hand Weapons
 a - a +0 shortbow (weapon)
 e - a +0 falchion
Armour
 d - a +0 ring mail (worn)
Scrolls
 b - a scroll of immolation
 f - a scroll of enchant weapon {unknown}
 g - a scroll of summoning {unknown}
 h - a scroll of teleportation {unknown}
 j - a scroll of fear {unknown}
Potions
 c - a potion of resistance {unknown}
 i - a potion of invisibility {unknown}


   Skills:
 + Level 2.5 Fighting
 + Level 5.0 Ranged Weapons
 + Level 2.1 Dodging
 + Level 0.8 Stealth


You had one spell level left.
You didn't know any spells.
Your spell library contained the following spells:

 Spells                   Type           Power      Damage    Failure   Level
 Summon Small Mammal      Summ           0%         N/A       69%         1
 Call Canine Familiar     Summ           0%         N/A       96%         3
 Summon Guardian Golem    Hex/Summ       0%         N/A       96%         3


Dungeon Overview and Level Annotations

Branches:
Dungeon (2/15)

Altars:


Innate Abilities, Weirdness & Mutations

You have a pair of horns on your head.
You reflexively headbutt those who attack you in melee.


Message History

The arrow hits the adder but does no damage.
You feel sick.
You are no longer poisoned.
The adder bites you but does no damage. The adder bites you.
You are poisoned.
The adder poisons you!
You shoot an arrow. The arrow barely misses the adder.
You feel sick. The adder bites you.
You are more poisoned.
The adder poisons you!
You shoot an arrow.
The arrow hits the adder but does no damage.
You feel sick.
The adder bites you but does no damage. x2
You shoot an arrow.
The arrow hits the adder but does no damage.
You feel sick. The adder misses you. The adder barely misses you.
You shoot an arrow. The arrow hits the adder.
The adder is moderately wounded.
You feel sick. The adder bites you. The adder barely misses you.
You shoot an arrow. The arrow closely misses the adder.
You feel sick.
You are no longer poisoned.
The adder bites you but does no damage. The adder barely misses you.
You furiously retaliate!
You headbutt the adder. The adder attacks as you move away!
The adder barely misses you. You furiously retaliate!
You headbutt the adder. The adder barely misses you.
The adder attacks as you move away! The adder bites you but does no damage.
The adder attacks as you move away! The adder bites you.
* * * LOW HITPOINT WARNING * * *
You are poisoned.
The adder poisons you!
You feel sick.
You feel sick. The adder bites you.
* * * LOW HITPOINT WARNING * * *
You feel sick. The adder attacks as you move away!
The adder bites you but does no damage.
You feel sick.
You are no longer poisoned.
The adder attacks as you move away! The adder completely misses you.
You furiously retaliate!
You headbutt the adder. The adder bites you.
You die...

#.#.# #.#.#
#.#.###### #.
###+#.#.#....
#.##..........##
#........#.#...#
........#.....#
#.........#
#....@#####.#
#....S.......
#.....#####.#
#.....#
###.....#
#####.......#
.#........####
......#.####
.##.#......#


You could see an adder.

Vanquished Creatures
  An endoplasm (D:1)
  A giant cockroach (D:1)
  A goblin (D:1)
  2 hobgoblins (D:1)
  2 kobolds (D:1)
  A quokka (D:1)
  2 ball pythons (D:1)
  2 bats (D:1)
12 creatures vanquished.

Notes
Turn   | Place    | Note
-------+----------+-------------------------------------------
     0 | D:1      | plokij the Minotaur Hunter began the quest for the Orb.
     0 | D:1      | Reached XP level 1. HP: 18/18 MP: 0/0
   243 | D:1      | Reached XP level 2. HP: 25/25 MP: 1/1
   645 | D:1      | Reached skill level 5 in Ranged Weapons
  1290 | D:2      | Slain by an adder

Illustrated notes

Levels and vault maps discovered:
D:1:      dpeg_arrival_yet_another_circle, layout_basic
D:2:      layout_basic, uniq_natasha

Skill      XL: |  1  2 |
---------------+-------+-----
Ranged Weapons | 5 |  5.0
Fighting       | |  2.5
Dodging        | |  2.1
Stealth        | |  0.8

Action                   || total
-------------------------++-------
 Fire: Shortbow          ||    38
Armor: Ring mail         ||    13
Dodge: Dodged            ||    16

Table legend: (Time is in decaauts)
 A = Elapsed time spent in this place.
 B = Non-inter-level travel time spent in this place.
 C = Inter-level travel time spent in this place.
 D = Time resting spent in this place.
 E = Time spent auto-exploring this place.
 F = Levels seen in this place.
 G = Mean time per level.
                   A        B        C        D        E       F      G
               +--------+--------+--------+--------+--------+-----+--------+
         Total |   1303 |    950 |    353 |    100 |    688 |   2 |  651.5 |
       Dungeon |   1303 |    950 |    353 |    100 |    688 |   2 |  651.5 |
               +--------+--------+--------+--------+--------+-----+--------+

Top non-repeatable levels by time:
     D:1: 1261 daAuts
     D:2: 42 daAuts
